 Dungeon Crawl Stone Soup version 0.29.0-5-ge4962eb29e (webtiles) character file.

Game seed: 6802865126977879832

37 ProzacElf the Chopper (level 3, -4/31 HPs)
             Began as a Hill Orc Monk on Aug 28, 2022.
             Slain by a gnoll
             ... wielding a +0 flail
              (6 damage)
             ... on level 2 of the Dungeon.
             The game lasted 00:02:13 (1597 turns).

ProzacElf the Chopper (Hill Orc Monk)               Turns: 1597, Time: 00:02:13

Health: -4/31      AC:  5    Str: 15    XL:     3   Next: 41%
Magic:  0/3        EV: 11    Int: 10    God:
Gold:   123        SH:  0    Dex: 13    Spells: 2/2 levels left

rFire   . . .      SeeInvis .   a - +0 hand axe (flame)
rCold   . . .      Faith    .   (no shield)
rNeg    . . .      Spirit   +   o - +0 ring mail
rPois   .          Reflect  .   (no helmet)
rElec   .          Harm     .   (no cloak)
rCorr   .          Rampage  .   (no gloves)
Will    .....                   (no boots)
Stlth   +.........              d - amulet of guardian spirit
HPRegen 0.10/turn               (no ring)
MPRegen 0.08/turn               (no ring)

@: no status effects
A: no striking features
a: no special abilities


You were on level 2 of the Dungeon.
You visited 1 branch of the dungeon, and saw 2 of its levels.

You collected 123 gold pieces.

Inventory:

Hand Weapons
 a - a +0 hand axe of flaming (weapon)
Missiles
 e - a throwing net (quivered)
 j - 2 poisoned darts
Armour
 b - a +0 robe
 c - a +0 cloak
 o - a +0 ring mail (worn)
Jewellery
 d - an amulet of guardian spirit (around neck)
Scrolls
 g - a scroll of immolation {unknown}
 i - a scroll of fear {unknown}
 k - a scroll of noise {unknown}
 m - a scroll of teleportation {unknown}
 n - a scroll of enchant armour {unknown}
Potions
 f - 3 potions of degeneration {unknown}
 h - a potion of resistance {unknown}
 p - a potion of mutation {unknown}


   Skills:
 - Level 3.6 Fighting
 + Level 5.0 Axes
 + Level 3.1 Dodging
 - Level 1.5 Stealth


You had 2 spell levels left.
You didn't know any spells.
Your spell library was empty.

Dungeon Overview and Level Annotations

Branches:
Dungeon (2/15)

Altars:

Annotations:
D:2 Terence


Message History

A gnoll comes inta view.
It be wieldin' a +0 flail.
Ye regain'd 4 hp, an' now haf 28/31 hp.
Ye see 'ere a ball python corpse.
Nay target in view!
Nay target in view!
Nay target in view!
Ye see 'ere a +0 cloak.
c - a +0 cloak Terence an' 2 gnolls come inta view.
A gnoll be wieldin' a +0 flail an' quiverin' sil'er boomerangs.
Found a flail.
Terence shouts!
Tha gnoll shouts! x2
Tha gnoll hits ye wit' a +0 whip.
Tha gnoll unwields a +0 flail.
Tha gnoll wields a +0 slin'.
Tha gnoll shoots a slin' bullet.
Tha slin' bullet hits ye.
Ye take 4 damage, an' haf 25/31 hp.
Ye now haf 1/3 mp.
Ye hit tha gnoll.
Tha gnoll be lightly wounded.
Ye barely miss tha gnoll.
Tha gnoll hits ye wit' a +0 flail.
Tha gnoll barely misses ye.
Tha gnoll shoots a slin' bullet.
Tha slin' bullet barely misses ye.
Ye take 5 damage, an' haf 20/31 hp.
Ye now haf 0/3 mp.
Tha gnoll hits ye wit' a +0 flail!
Ye take 9 damage, an' haf 11/31 hp.
MASSIVE DAMAGE!!
Terence drinks a potion.
Terence seems ta grow stronger.
Tha gnoll attacks as ye move away!
Tha gnoll closely misses ye.
Tha gnoll hits ye wit' a +0 flail.
Ye take 2 damage, an' haf 10/31 hp.
Tha gnoll attacks as ye move away!
Tha gnoll hits ye wit' a +0 whip.
* * * LOW HITPOINT WARNIN'
* * * Ye take 6 damage, an' haf 4/31 hp.
Tha gnoll attacks as ye move away!
Tha gnoll hits ye wit' a +0 whip.
* * * LOW HITPOINT WARNIN'
* * * Ye take 2 damage, an' haf 2/31 hp.
As ye read tha scroll labelled KOSHRE CANEUKH, it crumbles ta dust.
It be a scroll o' brand weapon.
Yer +0 hand axe be 'ngulfed in flames!
a - a +0 hand axe o' flamin' (weapon)
Tha gnoll hits ye wit' a +0 flail.
Ye die...

.............# #..'...##
.............###..#.....
.............+....#.....
.....@.......###.##.....
######...........#.....
#.....g#.........#...##
#.....@#.g.......#####
#....gg#.........#
#.....@#.........#
#......#.........#
######†#.........#
....##.###...###.#
..........'..)# #.######
.........##...###...)...
.......>..'...'.'.......
......#####...###.......
...... #...# #.......


You could see Terence (strong) and 3 gnolls.

Vanquished Creatures
  An adder (D:2)
  A worm (D:2)
  A dart slug (D:1)
  3 goblins
  4 hobgoblins
  A kobold (D:1)
  A quokka (D:2)
  6 ball pythons
  2 bats (D:1)
  A rat (D:1)
21 creatures vanquished.

Notes
Turn   | Place    | Note
-------+----------+-------------------------------------------
     0 | D:1      | ProzacElf the Hill Orc Monk began the quest for the Orb.
     0 | D:1      | Reached XP level 1. HP: 19/19 MP: 1/1
   463 | D:1      | Reached XP level 2. HP: 17/26 MP: 0/2
   828 | D:1      | Found a faded altar of an unknown god.
   828 | D:1      | Noticed a floating eye
   837 | D:1      | Noticed a shining eye
   837 | D:1      | Noticed a golden eye
   837 | D:1      | Noticed a great orb of eyes
  1361 | D:2      | Reached XP level 3. HP: 6/31 MP: 1/3
  1534 | D:2      | Reached skill level 5 in Axes
  1588 | D:2      | Noticed Terence
  1597 | D:2      | Slain by a gnoll

Illustrated notes

Levels and vault maps discovered:
D:1:      dpeg_arrival_arbitrary_b, layout_loops_ring,
          hellmonk_ecumenical_altar_watching_god, nrook_campfire
D:2:      layout_basic, uniq_terence

Skill      XL: |  1  2  3 |
---------------+----------+-----
Dodging        | 3 |  3.1
Axes           | 5 |  5.0
Fighting       | |  3.6
Stealth        | |  1.5

Action                   || total
-------------------------++-------
Melee: Hand axe          ||    82
  Use: Scroll            ||     1
       Potion            ||     1
 Stab: Sleeping          ||     3
Armor: Robe              ||     9
       Ring mail         ||     6
Dodge: Dodged            ||    48
